 Dungeon Crawl Stone Soup version 0.23-a0-636-g0ff605794f (webtiles) character file.

148 Napalmbreeze the Cudgeler (level 5, -5/32 HPs)
             Began as a Gargoyle Gladiator on Dec 28, 2018.
             Killed from afar by an orc wizard (7 damage)
             ... with a magic dart
             ... on level 3 of the Dungeon.
             The game lasted 00:02:38 (1693 turns).

Napalmbreeze the Cudgeler (Gargoyle Gladiator)      Turns: 1693, Time: 00:02:38

Health: -5/32      AC: 14    Str: 18    XL:     5   Next: 30%
Magic:  5/5        EV:  8    Int:  9    God:
Gold:   163        SH:  0    Dex: 11    Spells: 4/4 levels left

rFire    . . .     SeeInvis .   a - +0 flail
rCold    + . .     Gourm    .   (no shield)
rNeg     + . .     Faith    .   m - +0 chain mail
rPois    ∞         Spirit   .   c - +0 helmet
rElec    +         Reflect  .   (no cloak)
rCorr    .         Harm     .   (no gloves)
MR       .....                  (no boots)
Stlth    ..........             (no amulet)
HPRegen  0.10/turn              k - ring of protection from cold
MPRegen  0.09/turn              q - +1 ring of protection

@: no status effects
A: negative energy resistance 1, electricity resistance, unbreathing,
petrification resistance, rot immunity, AC +4
a: no special abilities


You were on level 3 of the Dungeon.
You were not hungry.

You visited 1 branch of the dungeon, and saw 3 of its levels.

You collected 163 gold pieces.

Inventory:

Hand Weapons
 a - a +0 flail (weapon)
Missiles
 d - 3 throwing nets (quivered)
Armour
 b - a +0 leather armour
 c - a +0 helmet (worn)
 m - a +0 chain mail (worn)
Jewellery
 k - a ring of protection from cold (left hand)
 q - a +1 ring of protection (right hand)
Scrolls
 e - 2 scrolls of enchant armour {unknown}
 g - a scroll of enchant weapon {unknown}
 h - 2 scrolls of teleportation {unknown}
 j - 3 scrolls of remove curse {unknown}
 p - 5 scrolls of identify {unknown}
Potions
 i - a potion of degeneration {unknown}
 l - 2 potions of magic {unknown}
 n - 2 potions of lignification {unknown}
 o - 5 potions of curing {unknown}
 r - a potion of heal wounds {unknown}
 s - a potion of ambrosia {unknown}
Comestibles
 f - 12 rations


   Skills:
 + Level 3.1 Fighting
 * Level 4.3 Maces & Flails
 - Level 1.7 Throwing
 + Level 2.1 Armour
 + Level 3.0 Dodging


You had 4 spell levels left.
You didn't know any spells.
Your spell library was empty.

Dungeon Overview and Level Annotations

Branches:
Dungeon (3/15)

Altars:
Dithmenos
Fedhas
Qazlal
Uskayaw
Vehumet


Innate Abilities, Weirdness & Mutations

You are resistant to torment.
Your stone body is resilient. (AC +4)
You are immune to poison.
You resist negative energy. (rN+)
You are resistant to electric shocks. (rElec)
You can survive without breathing.
You are immune to petrification.
You are immune to rotting.


Message History

The orc wizard hits you but does no damage.
The orc barely misses you. Something hits you.
The frilled lizard bites you but does no damage.
The orc wizard hits you but does no damage.
The orc hits you.
You hear some strange, mumbled words.
A puff of flame appears from out of thin air!
The puff of flame hits you!
You closely miss the orc wizard. The frilled lizard bites you.
The orc wizard casts a spell at you. The magic dart hits you!
* * * LOW HITPOINT WARNING * * *
The orc hits you.
* * * LOW HITPOINT WARNING * * *
Something hits you but does no damage.
You barely miss the orc wizard. The frilled lizard bites you.
* * * LOW HITPOINT WARNING * * *
The orc wizard points at you and mumbles some strange words.
The magic dart hits you!
You die...

### ..#♣###
..♣..# ♣...#
♣...## ♣.♣..##
♣.....#
♣♣.o#.####
♣.{@#....##
♣..♣lo####=.###
♣♣♣...# ##...#
♣..## ###.##
.#. #..#######
.### ##........
## #...######
#..#.##
#...##..####


You could see an orc wizard, an orc and a frilled lizard.

Vanquished Creatures
  Terence (D:2)
  Jessica (D:2)
  Robin (D:2)
  2 adders
  An ooze (D:3)
  A worm (D:2)
  2 dart slugs
  3 leopard geckos
  2 bats (D:1)
  6 giant cockroaches
  6 goblins (D:2)
  7 hobgoblins
  4 jackals (D:1)
  A quokka (D:2)
  A frilled lizard (D:1)
  8 kobolds
  7 rats
54 creatures vanquished.

Notes
Turn   | Place    | Note
-------+----------+-------------------------------------------
     0 | D:1      | Napalmbreeze the Gargoyle Gladiator began the quest for the
                  | Orb.
     0 | D:1      | Reached XP level 1. HP: 12/12 MP: 1/1
    31 | D:1      | Reached XP level 2. HP: 12/18 MP: 2/2
   307 | D:1      | Reached skill level 1 in Armour
   469 | D:1      | Reached XP level 3. HP: 21/22 MP: 3/3
   652 | D:2      | Noticed Terence
   661 | D:2      | Killed Terence
   681 | D:2      | Reached XP level 4. HP: 25/27 MP: 4/4
   684 | D:2      | Noticed Robin
   697 | D:2      | Killed Robin
   858 | D:2      | Found a shadowy altar of Dithmenos.
   869 | D:2      | Found a radiant altar of Vehumet.
   870 | D:2      | Found a hide-covered altar of Uskayaw.
   918 | D:2      | Noticed Jessica
   934 | D:2      | Killed Jessica
   934 | D:2      | Reached skill level 4 in Maces & Flails
  1385 | D:2      | Reached XP level 5. HP: 28/32 MP: 5/5
  1518 | D:3      | Found a stormy altar of Qazlal.
  1535 | D:3      | Found a blossoming altar of Fedhas.
  1693 | D:3      | Killed from afar by an orc wizard

Vault maps used:
D:1:      dpeg_arrival_tiny_h
D:2:      minitemple, minivault_14, uniq_terence, uniq_jessica, uniq_robin
D:3:      grunt_temple_overflow_forces_of_nature,
          chequers_ecumenical_altar_grove

Skill      XL: |  1  2  3  4  5 |
---------------+----------------+-----
Armour         | 1 2 |  2.1
Fighting       | 3 |  3.1
Maces & Flails | 4 |  4.3
Dodging        | 3 |  3.0
Throwing       | |  1.7

Action                   |  1- 3 |  4- 6 || total
-------------------------+-------+-------++-------
Melee: Flail             |    83 |   131 ||   214
  Eat: Chunk             |       |     3 ||     3
Armor: Leather armour    |    41 |       ||    41
       Chain mail        |     8 |   130 ||   138
Dodge: Dodged            |    64 |    84 ||   148

Table legend:
 A = Non-vault XP
 B = Vault XP
 C = Vault XP percentage of total XP
 D = Non-vault monster count
 E = Vault monster count
 F = Vault count percentage of total count
                 A         B        C        D         E       F
            +---------+---------+-------+---------+---------+-------
      Total |     111 |     101 |  47.6 |      45 |       9 |  16.7
            +---------+---------+-------+---------+---------+-------
        D:1 |      39 |       0 |   0.0 |      22 |       0 |   0.0
        D:2 |      38 |     101 |  72.7 |      15 |       9 |  37.5
        D:3 |      34 |       0 |   0.0 |       8 |       0 |   0.0
            +---------+---------+-------+---------+---------+-------
